 Dungeon Crawl Stone Soup version 0.28-a0-969-g2dcde036d2 (webtiles) character file.

Game seed: 9559842762243356596

1162 Decritt the Skirmisher (level 8, -2/61 HPs)
             Began as a Djinni Fire Elementalist on Dec 1, 2021.
             Slain by an orc warrior (8 damage)
             ... on level 6 of the Dungeon.
             The game lasted 00:19:46 (8969 turns).

Decritt the Skirmisher (Djinni Fire Elementalist)   Turns: 8969, Time: 00:19:47

Health: -2/61      AC:  5    Str:  7    XL:     8   Next: 67%
Gold:   231        EV: 14    Int: 20    God:
                   SH:  0    Dex: 13

rFire   + + .      SeeInvis .   n - +3 scythe (distort)
rCold   x . .      Faith    .   (shield currently unavailable)
rNeg    + . .      Spirit   .   a - +0 robe
rPois   ∞          Reflect  .   h - +2 helmet
rElec   .          Harm     .   (no cloak)
rCorr   .          Rampage  .   (no gloves)
Will    .....                   (boots unavailable)
Stlth   ++........              (no amulet)
HPRegen 0.20/turn               (no ring)
MPRegen 0.00/turn               g - ring of positive energy

@: flying
A: sickness immunity, fire resistance 2, cold vulnerability 1, float, innate
caster, hp casting, extra vitality 1
a: no special abilities


You were on level 6 of the Dungeon.
You visited 2 branches of the dungeon, and saw 7 of its levels.

You collected 231 gold pieces.

Inventory:

Hand Weapons
 b - a +0 dagger
 i - a +4 hand axe
 n - a +3 scythe of distortion (weapon)
Missiles
 f - 47 poisoned darts (quivered)
Armour
 a - a +0 robe (worn)
 h - a +2 helmet (worn)
 j - a +0 leather armour
Magical Staves
 p - a staff of poison
 q - a staff of death
Jewellery
 g - a ring of positive energy (right hand)
 r - a ring of fire
Potions
 c - a potion of ambrosia {unknown}
 d - a potion of lignification {unknown}
 e - 2 potions of curing
 k - 2 potions of heal wounds {unknown}
 l - a potion of mutation
 m - a potion of attraction {unknown}
 o - a potion of flight {unknown}


   Skills:
 + Level 6.2 Fighting
 * Level 6.1 Dodging
 - Level 1.5 Stealth
 + Level 4.5 Spellcasting


You couldn't memorise any spells.
You knew the following spells:

 Your Spells              Type           Power      Damage    Failure   Level
a - Foxfire               Conj/Fire      88%        2x1d8     1%          1
b - Searing Ray           Conj           44%        2d6       2%          2
c - Conjure Flame         Conj/Fire      22%        6-21      5%          3
d - Inner Flame           Hex/Fire       22%        N/A       5%          3
e - Flame Wave            Conj/Fire      22%        2d6       19%         4
f - Apportation           Tloc           44%        N/A       1%          1
g - Passwall              Tmut/Erth      18%        N/A       2%          2
h - Scorch                Fire           44%        2d7       2%          2
Your spell library was empty.

Dungeon Overview and Level Annotations

Branches:
Dungeon (6/15)             Temple (1/1) D:5

Altars:
Ashenzari
Cheibriados
Dithmenos
Elyvilon
Fedhas
Hepliaklqana
Okawaru
Ru
Sif Muna
Uskayaw
Wu Jian
Xom
The Shining One

Annotations:
D:6 3 runed translucent doors, BinkBink's ghost, novice TrMo


Innate Abilities, Weirdness & Mutations

You are immune to sickness and miasma.
You are immune to poison.
Your flesh is very heat resistant. (rF++)
You are vulnerable to cold. (rC-)
You float through the air rather than walking.
You learn spells naturally, not from books.
Your magical power is your life essence.
You have superior vitality. (+4 HP)


Message History

Restarting spell: Searing Ray (safe; 2% risk of failure)
Press: ? - help, Shift-Dir - straight line, f/p - orc wizard
Aim: an orc wizard, wielding a +0 dagger and wearing a +0 robe (almost dead, 72% to hit)
The searing ray hits the orc wizard but does no damage.
The orc wizard is almost dead. (Press . to maintain the ray.)
The orc warrior barely misses you.
You hear some strange, mumbled words.
Something tries to affect you, but you resist.
The orc wizard casts a spell at you. The magic dart hits you!
* * * LOW HITPOINT WARNING * * *
The searing ray hits the orc wizard.
The orc wizard is almost dead.
* * * LOW HITPOINT WARNING * * *
The orc warrior hits you with a +0 scimitar!
* * * LOW HITPOINT WARNING * * *
Something hits you but does no damage. The orc wizard closely misses you.
The orc warrior barely misses you. Something barely misses you.
The orc wizard casts a spell.
The orc wizard flickers and vanishes!
The orc warrior misses you.
A magic dart appears from out of thin air!
The magic dart hits you.
* * * LOW HITPOINT WARNING * * *
Something tries to affect you, but you resist.
The orc warrior hits you with a +0 scimitar!
* * * LOW HITPOINT WARNING * * *
Casting: Searing Ray (safe; 2% risk of failure)
Confirm with . or Enter, or press ? or * to list all spells.
Aiming: Searing Ray (safe; 2% risk of failure)
Press: ? - help, Shift-Dir - straight line, f - orc warrior
Aim: an orc warrior, wielding a +0 scimitar and wearing a +0 chain mail (heavily wounded, 75% to hit)
The searing ray hits the orc warrior.
The orc warrior is severely wounded.
The searing ray hits something. (Press . to maintain the ray.)
* * * LOW HITPOINT WARNING * * *
The orc warrior hits you with a +0 scimitar!
You die...

....... ... ######......#
...... ......#...........#
..... .....#...........#
.... ....##..##......#
###'########'####'##..##..#
#.........#....#..##..##..#
#..)......#....#..........#
#.........#............. #
##..##...o...o@...#......
##################...##
#..# ..# .+


You could see an orc warrior and an orc.

Vanquished Creatures
  Sigmund (D:3)
  Menkaure (D:5)
  A black bear (D:4)
  An ice beast (D:4)
  A kobold brigand (D:4)
  A bullfrog (D:6)
  A scorpion (D:3)
  A wyvern skeleton (D:6)
  2 hounds
  4 orc priests
  A bullfrog skeleton (D:4)
  4 orc wizards
  An iguana (D:4)
  A hound zombie (D:5)
  A hound skeleton (D:5)
  A mummy (D:4)
  3 adders
  A shadow imp (D:5)
  A worm (D:3)
  9 orcs
  6 ball pythons
  11 bats
  6 endoplasms
  6 giant cockroaches
  5 hobgoblins
  3 jackals (D:1)
  4 quokkas
  4 frilled lizards
  6 goblins
  7 kobolds
  6 rats
101 creatures vanquished.

Vanquished Creatures (others)
  228 foxfires
228 creatures vanquished.

Grand Total: 329 creatures vanquished

Notes
Turn   | Place    | Note
-------+----------+-------------------------------------------
     0 | D:1      | Decritt the Djinni Fire Elementalist began the quest for
                  | the Orb.
     0 | D:1      | Reached XP level 1. HP: 15/15 MP: 0/0
   206 | D:1      | Reached skill level 1 in Fighting
   206 | D:1      | Reached XP level 2. HP: 20/22 MP: 0/0
   532 | D:1      | Found a faded altar of an unknown god.
   857 | D:1      | Reached XP level 3. HP: 24/28 MP: 0/0
   857 | D:1      | Learned a level 1 spell: Apportation
  2002 | D:2      | Reached XP level 4. HP: 31/34 MP: 0/0
  2167 | D:3      | Noticed Sigmund
  2195 | D:3      | Killed Sigmund
  2196 | D:3      | Reached XP level 5. HP: 36/41 MP: 0/0
  2196 | D:3      | Learned a level 2 spell: Passwall
  2196 | D:3      | Reached XP level 6. HP: 41/47 MP: 0/0
  2567 | D:3      | Found an ornate altar of the Wu Jian Council.
  3918 | D:3      | Reached skill level 5 in Fighting
  4083 | D:4      | Noticed a black bear
  4094 | D:4      | Killed a black bear
  4095 | D:4      | Reached XP level 7. HP: 11/54 MP: 0/0
  4095 | D:4      | Learned a level 2 spell: Searing Ray
  4369 | D:4      | Found a snail-covered altar of Cheibriados.
  5895 | D:5      | Entered Level 5 of the Dungeon
  5895 | D:5      | Noticed Menkaure
  6584 | D:4      | Reached XP level 8. HP: 29/60 MP: 0/0
  6844 | D:5      | Killed Menkaure
  6845 | D:5      | Reached skill level 5 in Dodging
  7461 | D:4      | HP: 2/61 [ice beast (18)]
  7742 | D:5      | Found a staircase to the Ecumenical Temple.
  7748 | Temple   | Entered the Ecumenical Temple
  8291 | D:5      | Found an iron altar of Okawaru.
  8507 | D:6      | Found a runed translucent gate.
  8507 | D:6      | Found a runed translucent gate.
  8507 | D:6      | Found a runed translucent gate.
  8511 | D:6      | Noticed BinkBink's ghost (novice TrMo)
  8969 | D:6      | Slain by an orc warrior

Illustrated notes

Levels and vault maps discovered:
D:1:      sevenhm_arrival_forest_fort_small_3, layout_basic,
          hellmonk_ecumenical_altar_lost_god, serial_bayou_pond_e, minivault_24,
          hangedman_decor_points, amethyst_killhole
D:2:      layout_basic
D:3:      layout_basic, pdpol_wu_jian_five_deadly_venoms, minmay_diced_spiral,
          uniq_sigmund
D:4:      layout_layer_cave, slow_altar_1
D:5:      layout_basic, okawaru_trees_2, nicolae_sif_muna_condensation,
          temple_green, kennysheep_generic_room_12, uniq_menkaure
D:6:      layout_gridville, gammafunk_ghost_split, uniq_blork_the_orc
Temple:   compressed_dpeg_triangle_lava_temple

Skill      XL: |  1  2  3  4  5  6  7  8 |
---------------+-------------------------+-----
Fighting       | 1 2 4 5 6 |  6.2
Spellcasting   | 3 4 |  4.5
Dodging        | 3 4 6 |  6.1
Stealth        | |  1.5

Action                   |  1- 3 |  4- 6 |  7- 9 || total
-------------------------+-------+-------+-------++-------
Melee: Hand axe          |     8 |     4 |       ||    12
       Scythe            |       |    17 |    28 ||    45
Throw: Dart              |       |     1 |     7 ||     8
 Cast: Foxfire           |    69 |    49 |    19 ||   137
       Searing Ray       |       |       |    28 ||    28
       Conjure Flame     |       |       |     2 ||     2
       Inner Flame       |       |       |     1 ||     1
  Use: Scroll            |       |     6 |     2 ||     8
       Potion            |       |       |     4 ||     4
 Stab: Sleeping          |       |       |     1 ||     1
Armor: Robe              |     7 |     9 |     7 ||    23
Dodge: Dodged            |    18 |    33 |    71 ||   122

Table legend: (Time is in decaauts)
 A = Elapsed time spent in this place.
 B = Non-inter-level travel time spent in this place.
 C = Inter-level travel time spent in this place.
 D = Time resting spent in this place.
 E = Time spent auto-exploring this place.
 F = Levels seen in this place.
 G = Mean time per level.
                   A        B        C        D        E       F      G
               +--------+--------+--------+--------+--------+-----+--------+
         Total |   9021 |   8826 |    195 |   3654 |   4044 |   7 | 1288.7 |
       Dungeon |   8734 |   8539 |    195 |   3654 |   3780 |   6 | 1455.7 |
        Temple |    287 |    287 |      0 |      0 |    264 |   1 |  287.0 |
               +--------+--------+--------+--------+--------+-----+--------+

Top non-repeatable levels by time:
     D:4: 3498 daAuts
     D:3: 1512 daAuts
     D:1: 1433 daAuts
     D:5: 1111 daAuts
     D:2: 715 daAuts
     D:6: 463 daAuts
  Temple: 287 daAuts
